 Dungeon Crawl Stone Soup version 0.23-b1-6-ga921848b48 (webtiles) character file.

Game seed: 1860188596804199238

57804 Infinimo the Crack Shot (level 14, -11/129 HPs)
             Began as a Centaur Hunter on Feb 2, 2019.
             Was the Champion of Okawaru.
             Mangled by a polar bear (20 damage)
             ... on level 5 of the Lair of Beasts.
             The game lasted 00:57:13 (36890 turns).

Infinimo the Crack Shot (Centaur Hunter)           Turns: 36890, Time: 00:57:15

Health: -11/129    AC: 16    Str: 14    XL:     14   Next: 47%
Magic:  14/14      EV:  2    Int: 17    God:    Okawaru [******]
Gold:   888        SH:  0    Dex: 16    Spells: 12/13 levels left

rFire    + . .     SeeInvis +   R - +5 dagger of Demand {pierce, Int+7}
rCold    x . .     Gourm    .   (no shield)
rNeg     . . .     Faith    +   v - +0 plate armour
rPois    .         Spirit   .   w - +1 helmet
rElec    .         Reflect  .   r - +0 cloak
rCorr    .         Harm     .   y - +2 pair of gloves
MR       +....                  (no barding)
Stlth    ..........             M - amulet of faith
HPRegen  0.31/turn              L - ring of see invisible
MPRegen  0.14/turn              A - ring of fire

@: very quick
A: large, hooves 3, deformed body, speed 2, tough skin 3
a: Heroism, Finesse, Renounce Religion


You were on level 5 of the Lair of Beasts.
You worshipped Okawaru.
Okawaru was exalted by your worship.
You were hungry.

You visited 3 branches of the dungeon, and saw 18 of its levels.

You collected 930 gold pieces.
You spent 42 gold pieces at shops.

Inventory:

Hand Weapons
 Q - a +1 longbow of velocity
 R - the +5 dagger of Demand (weapon) {pierce, Int+7}
   (You found it on level 2 of the Lair of Beasts)

   It inflicts extra damage upon your enemies.
   It affects your intelligence (+7).
Missiles
 d - 7 arrows
Armour
 r - a +0 cloak (worn)
 v - a +0 plate armour (worn)
 w - a +1 helmet (worn)
 y - a +2 pair of gloves (worn)
Jewellery
 A - a ring of fire (right hand)
 C - an uncursed ring of wizardry
 G - an uncursed ring of ice
 L - a ring of see invisible (left hand)
 M - an amulet of faith (around neck)
Wands
 m - a wand of digging (17)
 q - a wand of acid (9)
 H - a wand of iceblast (14)
 N - a wand of disintegration (19)
Scrolls
 c - 2 scrolls of immolation
 e - a scroll of amnesia
 j - 3 scrolls of magic mapping
 t - a scroll of blinking
 B - 9 scrolls of remove curse
 D - 10 scrolls of identify
 E - 3 scrolls of teleportation
 F - 2 scrolls of fog
 J - 2 scrolls of enchant weapon
 K - a scroll of fear
 O - 2 scrolls of enchant armour
Potions
 a - 2 potions of resistance
 g - 4 potions of agility
 h - 4 potions of might
 i - 2 potions of lignification
 k - a potion of flight
 l - 3 potions of curing
 n - 3 potions of berserk rage
 o - a potion of haste
 s - 3 potions of heal wounds
 u - a potion of ambrosia
 x - 3 potions of brilliance
 z - 3 potions of mutation
Comestibles
 f - 21 rations


   Skills:
 + Level 13.5 Fighting
 * Level 22.7 Bows
 + Level 4.4 Armour
 - Level 1.3 Dodging
 - Level 0.4 Stealth
 - Level 7.7 Hexes


You had 12 spell levels left.
You knew the following spells:

 Your Spells              Type           Power        Failure   Level  Hunger
a - Confusing Touch       Hex            ####..       65%         1    ##.....

Your spell library contained the following spells:

 Spells                   Type           Power        Failure   Level  Hunger
 Slow                     Hex            ####....     78%         2    ###....
 Confuse                  Hex            ####....     95%         3    ####...
 Tukima's Dance           Hex            ####....     95%         3    ####...
 Animate Skeleton         Necr           N/A          100%        1    ##.....
 Apportation              Tloc           #.....       100%        1    ##.....
 Magic Dart               Conj           #...         100%        1    ##.....
 Pain                     Necr           #...         100%        1    ##.....
 Sting                    Conj/Pois      #...         100%        1    ##.....
 Summon Butterflies       Summ           #.......     100%        1    ##.....
 Summon Small Mammal      Summ           #...         100%        1    ##.....
 Blink                    Tloc           N/A          100%        2    ###....
 Call Imp                 Summ           #.......     100%        2    ###....
 Poisonous Vapours        Pois/Air       #.....       100%        2    ###....
 Conjure Flame            Conj/Fire      #.......     100%        3    ####...
 Gell's Gravitas          Tloc           #.........   100%        3    ####...
 Lesser Beckoning         Tloc           #.........   100%        3    ####...
 Mephitic Cloud           Conj/Pois/Air  #.......     100%        3    ####...
 Regeneration             Chrm/Necr      #.........   100%        3    ####...
 Vampiric Draining        Necr           #.........   100%        3    ####...
 Animate Dead             Necr           N/A          100%        4    #####..
 Olgreb's Toxic Radiance  Pois           #.......     100%        4    #####..
 Petrify                  Tmut/Erth      #.......     100%        4    #####..
 Alistair's Intoxication  Tmut/Pois      #.......     100%        5    ######.
 Iskenderun's Battlesphe  Conj/Chrm      #.......     100%        5    ######.
 Metabolic Englaciation   Hex/Ice        ##........   100%        5    ######.
 Yara's Violent Unravell  Hex/Tmut       ##........   100%        5    ######.
 Deflect Missiles         Chrm/Air       #.........   100%        6    #######
 Freezing Cloud           Conj/Ice/Air   #.........   100%        6    #######
 Invisibility             Hex            ####....     100%        6    #######
 Ring of Flames           Chrm/Fire      #.........   100%        7    #######


Dungeon Overview and Level Annotations

Branches:
Dungeon (11/15)            Temple (1/1) D:6            Lair (6/6) D:11
 Shoals (0/4) Lair:4       Spider (0/4) Lair:3        Slime (0/5) Lair:6
    Orc (0/2) D:9

Altars:
Ashenzari
Cheibriados
Dithmenos
Elyvilon
Fedhas
Gozag
Hepliaklqana
Kikubaaqudgha
Makhleb
Nemelex Xobeh
Okawaru
Qazlal
Ru
Sif Muna
Trog
Uskayaw
Vehumet
Wu Jian
Xom
Yredelemnul
Zin
The Shining One
Beogh

Shops:
D:7 !   D:11 :

Annotations:
D:8 Harold; Peloso's ghost, novice MiFi


Innate Abilities, Weirdness & Mutations

You have hooves in place of feet.
Armour fits poorly on your strangely shaped body.
You cover ground very quickly.
You have extremely tough skin. (AC +3)


Message History

You kick the polar bear.
The polar bear is severely wounded.
The polar bear bites you.
The polar bear is severely wounded.
The polar bear is severely wounded.
The polar bear is almost dead.
The polar bear bites you!
* * * LOW HITPOINT WARNING * * *
You kick the polar bear.
The polar bear is almost dead.
You kick the polar bear, but do no damage.
The polar bear is almost dead.
The polar bear looks more energetic.
The polar bear goes berserk!
The polar bear is almost dead.
The polar bear bites you!
* * * LOW HITPOINT WARNING * * *
The polar bear claws you.
* * * LOW HITPOINT WARNING * * *
The polar bear bites you!!
You die...

.)......................##.......
............P........#.###.....##
#...........P....##P..####....P##
#.................#....##.......#
#................###...#...#...##
.......##.............###......#
......###......##.#............#
.#.##.P####....#.###...P#...#.##
#####.## #.....@h.>...##...###
####P..## ##.#...##P..##....#
........# #########.####..###
..###..## ### #.....## <..##..##
#......# ...##...#### #...#..##
...##.#...P## ##.#....#
.#.##.......## #.#...##
.............#### ##......#


You could see a polar bear (berserk).

Vanquished Creatures
  2 entropy weavers
  Snorg (D:11)
  A fire dragon (Lair:5)
  2 hydras
  An ice dragon (Lair:2)
  A queen ant (Lair:4)
  2 two-headed ogres (D:10)
  A catoblepas (Lair:5)
  5 death yaks
  An alligator (Lair:6)
  Sonja (Lair:3)
  Urug (D:11)
  A swamp dragon (Lair:6)
  An unseen horror (D:10)
  Pikel (D:7)
  A manticore (D:11)
  12 elephants
  7 black mambas
  A merfolk siren (Lair:4)
  An ice statue (Lair:2)
  8 spiny frogs
  2 rime drakes (Lair:6)
  A centaur skeleton (D:10)
  6 komodo dragons
  A merfolk (Lair:4)
  A queen bee (D:8)
  5 trolls
  9 polar bears
  19 blink frogs
  7 hippogriffs
  2 raiju (Lair:6)
  36 yaks
  3 wyverns
  Eustachio (D:4)
  5 basilisks
  4 steam dragons
  A hungry ghost (D:11)
  Menkaure (D:6)
  4 wargs (Lair:6)
  6 water moccasins
  8 soldier ants
  11 hell hounds (Lair:6)
  4 porcupines
  10 orc warriors
  A sky beast (D:6)
  11 black bears
  A necrophage (D:7)
  An eye of draining (D:10)
  11 ice beasts
  2 phantoms
  3 ogres
  17 wolves
  4 centaurs
  12 crocodiles
  A big kobold (D:9)
  12 bullfrogs
  2 gnoll sergeants (D:10)
  4 scorpions
  29 killer bees
  13 wights
  2 electric eels (Lair:4)
  5 howler monkeys
  6 crimson imps
  5 bullfrog zombies
  16 orc priests
  3 jellies
  7 hounds
  3 bullfrog skeletons
  Jessica (D:2)
  12 hell rats
  2 iguanas
  20 orc wizards
  20 worker ants
  2 hound zombies
  2 hound skeletons
  7 gnolls (D:10)
  11 adders
  A howler monkey skeleton (D:11)
  3 shadow imps
  A white imp (Lair:1)
  2 oozes
  2 adder skeletons
  3 worms (D:3)
  2 dart slugs
  4 leopard geckos
  68 orcs
  2 ball pythons
  7 bats
  6 giant cockroaches
  12 goblins
  4 hobgoblins
  25 jackals
  14 kobolds
  3 quokkas
  6 frilled lizards
  3 leopard gecko zombies (D:5)
  6 rats
  4 fungi
  3 plants
628 creatures vanquished.

Vanquished Creatures (others)
  3 slaves (D:8)
  A killer bee (D:8)
  A howler monkey (D:8)
  2 orcs (D:8)
  6 jackals (D:8)
  A bush (Lair:6)
  20 fungi
  29 plants
63 creatures vanquished.

Grand Total: 691 creatures vanquished

Notes
Turn   | Place    | Note
-------+----------+-------------------------------------------
     0 | D:1      | Infinimo the Centaur Hunter began the quest for the Orb.
     0 | D:1      | Reached XP level 1. HP: 17/17 MP: 1/1
   340 | D:1      | Reached XP level 2. HP: 23/24 MP: 2/2
   461 | D:1      | Reached skill level 6 in Bows
   829 | D:1      | Reached XP level 3. HP: 27/30 MP: 3/3
  1122 | D:2      | Noticed Jessica
  1129 | D:2      | Killed Jessica
  1283 | D:2      | Reached XP level 4. HP: 2/37 MP: 4/4
  1726 | D:2      | Found a white marble altar of Elyvilon.
  2336 | D:3      | Reached skill level 7 in Bows
  3383 | D:3      | Reached XP level 5. HP: 45/45 MP: 5/5
  3614 | D:4      | Noticed a phantom
  3653 | D:4      | Killed a phantom
  3653 | D:4      | Reached skill level 8 in Bows
  3902 | D:4      | Found a stormy altar of Qazlal.
  3912 | D:4      | Reached XP level 6. HP: 52/52 MP: 6/6
  4405 | D:4      | Reached skill level 9 in Bows
  4701 | D:4      | Reached XP level 7. HP: 41/60 MP: 7/7
  4821 | D:4      | Noticed Eustachio
  4876 | D:4      | Killed Eustachio
  4876 | D:4      | Reached skill level 10 in Bows
  5283 | D:5      | Entered Level 5 of the Dungeon
  5286 | D:5      | Reached skill level 5 in Fighting
  5945 | D:5      | Reached skill level 11 in Bows
  5955 | D:5      | Reached XP level 8. HP: 53/69 MP: 8/8
  6241 | D:5      | Found an opulent altar of Gozag.
  7179 | D:6      | Reached skill level 12 in Bows
  7679 | D:6      | Reached skill level 13 in Bows
  7691 | D:6      | Reached XP level 9. HP: 49/79 MP: 9/9
  8039 | D:6      | Found a staircase to the Ecumenical Temple.
  8092 | D:6      | Noticed Menkaure
  8100 | D:6      | Killed Menkaure
  8819 | Temple   | Entered the Ecumenical Temple
  9388 | D:6      | Reached skill level 14 in Bows
 10028 | D:7      | Found Ruahay's Distillery.
 10039 | D:7      | Bought a potion of curing for 42 gold pieces
 10361 | D:7      | Reached skill level 15 in Bows
 10785 | D:7      | Found a burning altar of Makhleb.
 10792 | D:7      | Found a sparkling altar of Nemelex Xobeh.
 10792 | D:7      | Found a stormy altar of Qazlal.
 10793 | D:7      | Found a hazy altar of Hepliaklqana.
 10794 | D:7      | Found a snail-covered altar of Cheibriados.
 10795 | D:7      | Found an iron altar of Okawaru.
 10799 | D:7      | Became a worshipper of Warmaster Okawaru
 11176 | D:8      | Noticed Pikel
 11185 | D:7      | Killed Pikel
 11185 | D:7      | Reached XP level 10. HP: 73/90 MP: 10/10
 11304 | D:8      | Found a runed translucent door.
 11305 | D:8      | Noticed Peloso's ghost (novice MiFi)
 11440 | D:8      | Reached * piety under Okawaru
 11827 | D:8      | Noticed Harold
 12484 | D:8      | Reached skill level 16 in Bows
 14500 | D:9      | Found a bloodstained altar of Trog.
 14506 | D:9      | Found a glowing golden altar of the Shining One.
 14774 | D:8      | Learned a level 1 spell: Confusing Touch
 14987 | D:9      | Reached ** piety under Okawaru
 15078 | D:9      | Found a staircase to the Orcish Mines.
 15091 | D:9      | Reached skill level 1 in Hexes
 15566 | D:9      | Found a roughly hewn altar of Beogh.
 16057 | D:10     | Entered Level 10 of the Dungeon
 16069 | D:10     | Found a glowing golden altar of the Shining One.
 16132 | D:10     | Noticed a two-headed ogre
 16139 | D:10     | Killed a two-headed ogre
 16139 | D:10     | Reached *** piety under Okawaru
 16139 | D:10     | Reached skill level 17 in Bows
 16200 | D:10     | Reached XP level 11. HP: 99/99 MP: 11/11
 16519 | D:10     | Found a sacrificial altar of Ru.
 16739 | D:10     | Reached skill level 10 in Fighting
 17124 | D:10     | Noticed a two-headed ogre
 17154 | D:10     | Killed a two-headed ogre
 17328 | D:10     | Reached **** piety under Okawaru
 17364 | D:10     | Killed an unseen horror
 17425 | D:10     | Reached skill level 18 in Bows
 17998 | D:11     | Noticed Urug
 18421 | D:11     | Noticed a four-headed hydra
 18446 | D:11     | Received a gift from Okawaru
 18561 | D:11     | Found Upraimah's Book Boutique.
 18838 | D:11     | Noticed a brown ugly thing
 19014 | D:11     | Noticed Snorg
 19045 | D:11     | Killed Snorg
 19045 | D:11     | Reached ***** piety under Okawaru
 19201 | D:11     | Killed a four-headed hydra
 19201 | D:11     | Received a gift from Okawaru
 19201 | D:11     | Reached skill level 5 in Hexes
 19231 | D:11     | Reached XP level 12. HP: 110/110 MP: 12/12
 19401 | D:11     | Received a gift from Okawaru
 19484 | D:11     | Killed Urug
 19484 | D:11     | Reached skill level 19 in Bows
 19671 | D:11     | Found a staircase to the Lair.
 20067 | Lair:1   | Entered Level 1 of the Lair of Beasts
 20402 | Lair:1   | Received a gift from Okawaru
 20405 | Lair:1   | Got slimy storm dragon scales {god gift}
 20427 | Lair:1   | Identified the +4 storm dragon scales of Isozaocav {rElec
                  | rC- MR++ Slay+2 Stlth+} (Okawaru gifted it to you on level
                  | 1 of the Lair of Beasts)
 21719 | Lair:2   | Noticed an ice dragon
 24031 | Lair:2   | Reached skill level 20 in Bows
 24565 | Lair:2   | Received a gift from Okawaru
 26124 | Lair:2   | Killed an ice dragon
 26124 | Lair:2   | Reached XP level 13. HP: 51/118 MP: 13/13
 26432 | Lair:2   | Got an ancient trident
 26433 | Lair:2   | Identified the cursed +1 trident "Qaybyiro" {pierce, rN++
                  | MR- Str+2} (You found it on level 2 of the Lair of Beasts)
 26730 | Lair:2   | Received a gift from Okawaru
 27277 | Lair:3   | Found a hole to the Spider Nest.
 27514 | Lair:3   | Noticed Sonja
 27536 | Lair:3   | Killed Sonja
 28565 | Lair:4   | Reached skill level 21 in Bows
 28675 | Lair:4   | Identified the Reference Book on Nocuous Augmentations
 28808 | Lair:4   | Reached ****** piety under Okawaru
 28987 | Lair:4   | Reached skill level 1 in Armour
 29290 | Lair:4   | Found a staircase to the Shoals.
 29292 | Lair:4   | Received a gift from Okawaru
 29590 | Lair:2   | Got a steaming dagger
 29679 | Lair:5   | Identified the +5 dagger of Demand {pierce, Int+7} (You
                  | found it on level 2 of the Lair of Beasts)
 29704 | Lair:5   | Noticed an entropy weaver
 29995 | Lair:4   | Killed an entropy weaver
 30015 | Lair:4   | Got a steaming glaive
 30016 | Lair:4   | Identified the +2 glaive of Ambiguity {pain, *Corrode Int+6
                  | Dex+2} (You found it on level 4 of the Lair of Beasts)
 30456 | Lair:5   | Noticed an entropy weaver
 30635 | Lair:5   | Killed an entropy weaver
 31289 | Lair:5   | Received a gift from Okawaru
 31925 | Lair:6   | Entered Level 6 of the Lair of Beasts
 31971 | Lair:6   | Found a staircase to the Slime Pits.
 32020 | Lair:6   | Received a gift from Okawaru
 32024 | Lair:6   | Got a dazzling centaur barding {god gift}
 32030 | Lair:6   | Identified the +2 centaur barding of the Endless Expanse
                  | {-Tele Dex+2 SInv} (Okawaru gifted it to you on level 6 of
                  | the Lair of Beasts)
 32360 | Lair:5   | Reached XP level 14. HP: 114/129 MP: 14/14
 32473 | Lair:6   | Reached skill level 22 in Bows
 36890 | Lair:5   | Mangled by a polar bear

Skill      XL: |  1  2  3  4  5  6  7  8  9 10 11 12 13 14 |
---------------+-------------------------------------------+-----
Bows           | 6 7 8 9 11 13 15 17 18 20 21 22 | 22.7
Fighting       | 3 4 5 7 8 9 11 12 13 | 13.5
Hexes          | 2 5 7 |  7.7
Armour         | 3 4 |  4.4
Dodging        | |  1.3
Stealth        | |  0.4

Action                   |  1- 3 |  4- 6 |  7- 9 | 10-12 | 13-15 || total
-------------------------+-------+-------+-------+-------+-------++-------
Melee: Short sword       |   106 |       |       |       |       ||   106
       Kick              |    17 |    22 |    22 |    25 |    54 ||   140
       Club              |    21 |    99 |   116 |    42 |    32 ||   310
       Shortbow          |       |       |       |     1 |       ||     1
       Dagger            |       |       |       |       |   107 ||   107
 Fire: Shortbow          |    11 |    89 |   457 |  1764 |   296 ||  2617
       Longbow           |       |       |       |       |   643 ||   643
  Use: Scroll            |     6 |       |    11 |     1 |    12 ||    30
       Potion            |       |       |       |     2 |     7 ||     9
  Eat: Chunk             |     1 |     9 |    21 |    28 |    24 ||    83
       Ration            |       |       |       |     3 |     1 ||     4
Armor: Leather armour    |    66 |    45 |    13 |       |       ||   124
       Plate armour      |       |       |   169 |   264 |   310 ||   743
Dodge: Dodged            |    91 |    55 |    29 |    16 |    57 ||   248
